 Dungeon Crawl Stone Soup version 0.30.0-19-g36f170ea60 (webtiles) character file.

Game seed: 1613983245079228312

660 MacCMillion the Reanimator (level 7, -1/46 HPs)
             Began as a Mummy Necromancer on May 27, 2023.
             Was an Initiate of Gozag.
             Shot with an arrow by a centaur (9 damage)
             ... on level 5 of the Dungeon.
             The game lasted 00:08:35 (5312 turns).

MacCMillion the Reanimator (Mummy Necromancer)      Turns: 5312, Time: 00:08:36

Health: -1/46      AC:  2    Str: 12    XL:     7   Next: 30%
Magic:  14/14      EV: 12    Int: 16    God:    Gozag
Gold:   324        SH:  0    Dex: 12    Spells: 8/16 levels left

rFire   x . .        f - +0 dagger
rCold   + . .        (no shield)
rNeg    + + +        a - +0 robe
rPois   ∞            (no helmet)
rElec   .            (no cloak)
rCorr   .            (no gloves)
SInv    .            (no boots)
Will    .....        (no amulet)
Stlth   ++           (no ring)
HPRegen 0.27/turn    (no ring)
MPRegen 0.14/turn

%: faith
@: no status effects
A: cold resistance 1, negative energy resistance 3, torment resistance 2, heat
vulnerability 1, in touch with death 1, no potions, faith
a: Renounce Religion, Potion Petition, Call Merchant, Bribe Branch


You were on level 5 of the Dungeon.
You worshipped Gozag.
Gozag was aware of your devotion.
You visited 2 branches of the dungeon, and saw 6 of its levels.

You collected 356 gold pieces.
You paid 32 gold pieces to Gozag.

Inventory:

Hand Weapons
 f - a +0 dagger (weapon)
Armour
 a - a +0 robe (worn)
Jewellery
 c - a ring of ice
 m - an amulet of the acrobat
Wands
 d - a wand of digging (2)
 k - a wand of mindburst (9)
 l - a wand of polymorph (7)
 q - a wand of flame (19)
Scrolls
 b - a scroll of amnesia
 e - a scroll of blinking
 g - 4 scrolls of fear
 h - 2 scrolls of silence {unknown}
 i - 2 scrolls of fog
 j - a scroll of noise {unknown}
 n - 2 scrolls of identify
 o - a scroll of torment {unknown}
 p - a scroll of teleportation {unknown}


   Skills:
 - Level 1.5 Dodging
 - Level 1.5 Stealth
 - Level 5.0 Spellcasting
 + Level 8.2 Necromancy


You had 8 spell levels left.
You knew the following spells:

 Your Spells              Type           Power      Damage    Failure   Level
a - Necrotise             Necr           100%       1d9       1%          1
b - Vampiric Draining     Necr           45%        2d9       1%          3
c - Animate Dead          Necr           45%        N/A       4%          4

Your spell library contained the following spells:

 Spells                   Type           Power      Damage    Failure   Level
 Agony                    Necr           45%        N/A       14%         5
 Vhi's Electric Charge    Tloc/Air       8%         N/A       41%         3
 Arcjolt                  Conj/Air       2%         1d12      99%         5
 Maxwell's Capacitive Co  Air            2%         ∞         100%        8


Dungeon Overview and Level Annotations

Branches:
Dungeon (5/15)             Temple (1/1) D:4

Altars:
Cheibriados
Gozag
Makhleb
Nemelex Xobeh
Okawaru
Ru
Sif Muna
Trog
Uskayaw
Vehumet
Wu Jian
Xom
Yredelemnul

Annotations:
D:4 2 runed translucent doors, Sigmund; hitsuchi's ghost, amateur OpCj


Innate Abilities, Weirdness & Mutations

You are immune to poison.
Your flesh is cold resistant. (rC+)
You are immune to negative energy. (rN+++)
You are immune to unholy pain and torment.
You are vulnerable to heat. (rF-)
You are in touch with the powers of death.
You do not drink.
You have a special connection with the divine. (Faith)


Message History

You now have 306 gold pieces (gained 9).
There is a stone staircase leading down here.
A hound comes into view.
The hound barks!
Things that are here:
5 gold pieces; a +0 club; a +0 leather armour A hound is nearby!
A hound is nearby!
A hound is nearby!
You feel a surge of power!
The hound writhes in agony!
You feel a surge of power!
The hound writhes in agony!
You feel a surge of power!
The hound writhes in agony!
You kill the hound!
There's nothing to open nearby.
You now have 311 gold pieces (gained 5).
Things that are here:
a +0 club; a +0 leather armour You now have 317 gold pieces (gained 6).
You now have 321 gold pieces (gained 4).
Things that are here:
a +0 war axe; a +0 leather armour You now have 324 gold pieces (gained 3).
Things that are here:
a +0 war axe; a +0 leather armour
There is a stone staircase leading down here.
Things that are here:
a +0 club; a +0 leather armour A centaur comes into view.
The centaur shouts!
A centaur is nearby!
A centaur is nearby!
The centaur wields a +0 shortbow.
The centaur shoots an arrow.
The arrow hits you!
The centaur shoots an arrow.
The arrow hits you.
The centaur shoots an arrow.
The arrow hits you!
The centaur shoots an arrow.
The arrow hits you!
* * * LOW HITPOINT WARNING * * *
The centaur shoots an arrow.
The arrow hits you!
You die...
Your body crumbles into a pile of gold.

###### #....## ..#
##.....# ..#
#......## ...#
#.......## #...#
##)......## #....#
#..>.....#####.....#
#.).).............#
#.....##.....@.c..#
#....########....##
#....# ######
##....## ##......##
##.........#
#...........
#............
#........####


You could see a centaur.

Vanquished Creatures
  An ice beast (D:3)
  A scorpion (D:5)
  A jelly (D:5)
  3 orc priests
  2 hounds (D:5)
  2 iguanas
  Ijyb (D:4)
  3 orc wizards
  A hound zombie (D:4)
  3 gnolls (D:2)
  5 adders
  2 worms (D:2)
  10 orcs
  4 endoplasms
  4 giant cockroaches
  3 goblins
  4 hobgoblins
  4 jackals (D:4)
  9 kobolds
  4 quokkas
  8 ball pythons
  7 bats
  2 frilled lizards
  4 rats
88 creatures vanquished.

Vanquished Creatures (collateral kills)
  3 ball pythons
3 creatures vanquished.

Grand Total: 91 creatures vanquished

Notes
Turn   | Place    | Note
-------+----------+-------------------------------------------
     0 | D:1      | MacCMillion the Mummy Necromancer began the quest for the
                  | Orb.
     0 | D:1      | Reached XP level 1. HP: 13/13 MP: 4/4
   327 | D:1      | Reached XP level 2. HP: 19/19 MP: 4/6
  1099 | D:2      | Found a shimmering altar of Xom.
  1511 | D:2      | Gained mutation: You are in touch with the powers of death.
                  | [Mummy growth]
  1511 | D:2      | Reached XP level 3. HP: 17/24 MP: 1/8
  2064 | D:2      | Reached XP level 4. HP: 30/30 MP: 6/10
  2417 | D:3      | Reached skill level 5 in Necromancy
  2425 | D:3      | Found a shimmering blue altar of Sif Muna.
  2870 | D:3      | Noticed an ice beast
  2983 | D:3      | Learned a level 3 spell: Vampiric Draining
  2988 | D:3      | Learned a level 4 spell: Animate Dead
  3027 | D:3      | Killed an ice beast
  3028 | D:3      | Reached skill level 5 in Spellcasting
  3028 | D:3      | Reached XP level 5. HP: 27/35 MP: 0/12
  3295 | D:4      | Found a staircase to the Ecumenical Temple.
  3297 | D:4      | Noticed Sigmund
  3301 | Temple   | Entered the Ecumenical Temple
  3346 | Temple   | Became a worshipper of Gozag Ym Sagoz the Greedy
  3361 | D:4      | Noticed a black bear
  3436 | D:4      | Reached skill level 6 in Necromancy
  3589 | D:4      | Reached XP level 6. HP: 33/41 MP: 8/13
  3869 | D:4      | Found a sparkling altar of Nemelex Xobeh.
  4302 | D:4      | Noticed Ijyb
  4308 | D:4      | Killed Ijyb
  4309 | D:4      | Reached skill level 7 in Necromancy
  4366 | D:4      | Found a runed translucent door.
  4367 | D:4      | Noticed hitsuchi's ghost (amateur OpCj)
  4506 | D:4      | Found a basalt altar of Yredelemnul.
  4557 | D:4      | Found a runed translucent door.
  4683 | D:4      | Found a sacrificial altar of Ru.
  4846 | D:5      | Entered Level 5 of the Dungeon
  4868 | D:5      | Found a burning altar of Makhleb.
  5143 | D:5      | Reached XP level 7. HP: 46/46 MP: 10/14
  5152 | D:5      | Reached skill level 8 in Necromancy
  5312 | D:5      | Shot with an arrow by a centaur

Illustrated notes

Levels and vault maps discovered:
D:1:      minmay_arrival_cross, layout_basic, minmay_ruptured
D:2:      layout_basic, basic_altar, minmay_shallow_snake_nest
D:3:      layout_basic, mainiacjoe_overflow_concentric_impassable
D:4:      layout_rooms, lemuel_doored_altar,
          lemuel_mausoleum_altar_kikubaaqudgha, mainiacjoe_overflow_paths,
          nemelex_xobeh_ov_fountains_minmay, nicolae_overflow_hidden_temple,
          minmay_temple_entry_steel_oval, ebering_ghost_sewer_f, uniq_ijyb,
          uniq_sigmund
D:5:      layout_layer_cave, mainiacjoe_overflow_small_starburst,
          chequers_avenue
Temple:   chequers_temple_sunken

Skill      XL: |  1  2  3  4  5  6  7 |
---------------+----------------------+-----
Spellcasting   | 3 4 5 |  5.0
Necromancy     | 5 6 7 8 |  8.2
Dodging        | |  1.5
Stealth        | |  1.5

Action                     |  1- 3 |  4- 6 |  7- 9 || total
---------------------------+-------+-------+-------++-------
  Melee: Dagger            |    19 |    12 |     1 ||    32
         Unarmed           |     4 |       |       ||     4
   Cast: Necrotise         |    89 |   113 |    12 ||   214
         Vampiric Draining |       |     1 |     1 ||     2
    Use: Scroll            |       |     4 |       ||     4
 Armour: Robe              |     7 |     9 |     2 ||    18
  Dodge: Dodged            |    35 |    39 |     6 ||    80
